 Dungeon Crawl Stone Soup version 0.28-a0-1184-g53156a8862 (webtiles) character file.

Game seed: 100773685594746705

116 frimble the Grasshopper (level 4, 0/33 HPs)
             Began as a Demonspawn Warper on Dec 18, 2021.
             Slain by Terence (9 damage)
             ... on level 2 of the Dungeon.
             The game lasted 00:02:02 (3304 turns).

frimble the Grasshopper (Demonspawn Warper)         Turns: 3304, Time: 00:02:03

Health: 0/33       AC:  3    Str: 11    XL:     4   Next: 69%
Magic:  7/7        EV: 12    Int: 16    God:
Gold:   28         SH:  0    Dex: 13    Spells: 7/7 levels left

rFire   . . .      SeeInvis .   a - +0 short sword
rCold   . . .      Faith    .   (no shield)
rNeg    . . .      Spirit   .   b - +0 leather armour
rPois   .          Reflect  .   (no helmet)
rElec   .          Harm     .   (no cloak)
rCorr   .          Rampage  .   (no gloves)
Will    .....                   (no boots)
Stlth   +.........              (no amulet)
HPRegen 0.11/turn               (no ring)
MPRegen 0.10/turn               (no ring)

@: no status effects
A: hooves 1, foul stench 1
a: no special abilities


You were on level 2 of the Dungeon.
You visited 1 branch of the dungeon, and saw 2 of its levels.

You collected 28 gold pieces.

Inventory:

Hand Weapons
 a - a +0 short sword (weapon)
Missiles
 d - 5 boomerangs of dispersal
 e - 4 silver boomerangs
 i - 4 boomerangs (quivered)
Armour
 b - a +0 leather armour (worn)
Scrolls
 c - a scroll of blinking
 g - a scroll of identify
 j - a scroll of fog {unknown}
Potions
 f - 2 potions of curing
 h - 2 potions of resistance {unknown}


   Skills:
 - Level 2.3 Fighting
 + Level 2.6 Short Blades
 + Level 1.9 Throwing
 - Level 1.3 Armour
 + Level 2.5 Dodging
 - Level 2.0 Spellcasting
 + Level 3.2 Translocations


You had 7 spell levels left.
You didn't know any spells.
Your spell library contained the following spells:

 Spells                   Type           Power      Damage    Failure   Level
 Blink                    Tloc           24%        N/A       11%         2
 Gell's Gravitas          Tloc           12%        N/A       22%         3
 Lesser Beckoning         Tloc           12%        N/A       22%         3
 Teleport Other           Tloc           12%        N/A       22%         3
 Manifold Assault         Tloc           12%        N/A       89%         5


Dungeon Overview and Level Annotations

Branches:
Dungeon (2/15)

Altars:

Annotations:
D:2 Terence


Innate Abilities, Weirdness & Mutations

You have large cloven feet.
You may rarely emit foul miasma when damaged in melee.


Message History

Terence barely misses you.
You hit Terence but do no damage. You kick Terence.
Terence is severely wounded.
Terence barely misses you.
You hit Terence but do no damage. You kick Terence.
Terence is severely wounded.
Terence hits you with a +0 mace!
You hit Terence but do no damage.
Terence is severely wounded.
Terence hits you with a +0 mace.
You hit Terence but do no damage.
Terence is severely wounded.
Terence hits you with a +0 mace.
You hit Terence.
Terence is severely wounded.
Terence misses you.
You hit Terence but do no damage. You kick Terence, but do no damage.
Terence is severely wounded.
Terence hits you with a +0 mace.
You completely miss Terence.
Terence is severely wounded.
Terence shouts, "Get ready for death!"
Terence hits you with a +0 mace.
You hit Terence but do no damage. You kick Terence, but do no damage.
Terence is severely wounded.
Terence hits you but does no damage.
You hit Terence but do no damage.
Terence is severely wounded.
Terence hits you with a +0 mace.
You closely miss Terence.
Terence is severely wounded.
Terence closely misses you.
You hit Terence but do no damage. You kick Terence, but do no damage.
Terence is severely wounded.
Terence hits you with a +0 mace.
* * * LOW HITPOINT WARNING * * *
You hit Terence but do no damage. Your kick misses Terence.
Terence is severely wounded.
Terence hits you with a +0 mace!
You die...

######################
#.............@@......
#.########........####
#........'........+
##########.†......#
#####......(.#
#............#
#.##########.#
#.#....# $# ###
#.#.##.# ...


You could see Terence.

Vanquished Creatures
  Jessica (D:2)
  3 adders (D:2)
  4 worms
  2 dart slugs
  3 ball pythons
  6 endoplasms
  A giant cockroach (D:1)
  6 goblins (D:1)
  7 hobgoblins
  4 quokkas
  4 bats (D:1)
  2 frilled lizards
  A kobold (D:2)
  A rat (D:1)
45 creatures vanquished.

Notes
Turn   | Place    | Note
-------+----------+-------------------------------------------
     0 | D:1      | frimble the Demonspawn Warper began the quest for the Orb.
     0 | D:1      | Reached XP level 1. HP: 16/16 MP: 3/3
    84 | D:1      | Reached skill level 1 in Armour
   211 | D:1      | Reached skill level 1 in Throwing
   279 | D:1      | Found a faded altar of an unknown god.
   296 | D:1      | Gained mutation: You have large cloven feet. [demonic
                  | ancestry]
   296 | D:1      | Reached XP level 2. HP: 22/22 MP: 5/5
   860 | D:1      | Reached XP level 3. HP: 24/27 MP: 6/6
  1928 | D:2      | Reached skill level 3 in Translocations
  2174 | D:2      | Noticed Jessica
  2185 | D:2      | Killed Jessica
  2186 | D:2      | Gained mutation: You may rarely emit foul miasma when
                  | damaged in melee. [demonic ancestry]
  2186 | D:2      | Reached XP level 4. HP: 14/33 MP: 7/7
  3285 | D:2      | Noticed Terence
  3304 | D:2      | Slain by Terence

Illustrated notes

Levels and vault maps discovered:
D:1:      sevenhm_arrival_forest_fort_large_2, layout_basic,
          shapermc_ecumenical_altar_pompeii
D:2:      layout_basic, minmay_hexomino_p4, uniq_jessica,
          uniq_crazy_yiuf_cottage, uniq_terence

Skill      XL: |  1  2  3 |
---------------+----------+-----
Armour         | 1 |  1.3
Throwing       | 1 |  1.9
Short Blades   | 2 |  2.6
Dodging        | 2 |  2.5
Translocations | 3 |  3.2
Fighting       | |  2.3
Spellcasting   | |  2.0

Action                   |  1- 3 |  4- 6 || total
-------------------------+-------+-------++-------
Melee: Short sword       |   145 |    74 ||   219
       Kick              |    36 |    23 ||    59
Throw: Boomerang         |     8 |     4 ||    12
  Use: Scroll            |     2 |       ||     2
 Stab: Sleeping          |       |     1 ||     1
Armor: Leather armour    |    46 |    10 ||    56
Dodge: Dodged            |    81 |    37 ||   118

Table legend: (Time is in decaauts)
 A = Elapsed time spent in this place.
 B = Non-inter-level travel time spent in this place.
 C = Inter-level travel time spent in this place.
 D = Time resting spent in this place.
 E = Time spent auto-exploring this place.
 F = Levels seen in this place.
 G = Mean time per level.
                   A        B        C        D        E       F      G
               +--------+--------+--------+--------+--------+-----+--------+
         Total |   3307 |   3241 |     66 |    111 |   2694 |   2 | 1653.5 |
       Dungeon |   3307 |   3241 |     66 |    111 |   2694 |   2 | 1653.5 |
               +--------+--------+--------+--------+--------+-----+--------+

Top non-repeatable levels by time:
     D:1: 1666 daAuts
     D:2: 1640 daAuts
